[ PARTIDA AOE2 · #494579269 ]
UnrankedTeutones vs Teutons
Equipo del jugador · VICT
Equipo rival · DERR
[ ANÁLISIS DE REPETICIÓN · EXTRAÍDO DE LA PARTIDA GRABADA ]
Feudal
8:01
Castillos
—
Imperial
—
| APM promedio | 51.7 |
| APM pico | 83 |
| eAPM promedio | 21.6 |
| Aldeanos / militares | 67 / 0 |
Foco
⚔️ 22.1% · 🌾 77.9%
Feudal
10:06
Castillos
—
Imperial
—
| APM promedio | 52.4 |
| APM pico | 116 |
| eAPM promedio | 26.1 |
| Aldeanos / militares | 38 / 0 |
Foco
⚔️ 21.9% · 🌾 78.1%
Mapa de la partida
Recursos iniciales + cada clic de construcción. Líneas = muros · curvas = relieve. ◆ oro · ⬟ piedra · ● bayas · ✦ reliquia · ◌ hueco del cierre
Tu base· ✓ Cerrada en 12:00 · 0t muro · 2 puerta(s)
Base de WitchenCats· ✓ Cerrada en 12:00 · 20t muro · 2 puerta(s)
Terreno inicial suavizado · ◌ = hueco del cierre detectado · pasá el cursor para detalles
Inputs por minuto
— TRUM - - WitchenCats
Build order — TRUM
96 acciones detectadas en el replay
| 0:01 | Crear | Villager (Male) |
| 0:02 | Construir | House |
| 0:03 | Construir | House |
| 0:19 | Crear | Villager (Male) |
| 0:19 | Crear | Villager (Male) |
| 0:19 | Crear | Villager (Male) |
| 1:37 | Crear | Villager (Male) |
| 1:38 | Crear | Villager (Male) |
| 1:38 | Crear | Villager (Male) |
| 2:00 | Crear | Villager (Male) |
| 2:00 | Crear | Villager (Male) |
| 2:00 | Crear | Villager (Male) |
| 2:10 | Construir | Lumber Camp |
| 2:19 | Crear | Villager (Male) |
| 2:19 | Crear | Villager (Male) |
| 2:19 | Crear | Villager (Male) |
| 2:43 | Crear | Villager (Male) |
| 2:43 | Crear | Villager (Male) |
| 2:44 | Crear | Villager (Male) |
| 2:44 | Crear | Villager (Male) |
| 3:45 | Crear | Villager (Male) |
| 3:45 | Crear | Villager (Male) |
| 3:45 | Crear | Villager (Male) |
| 3:45 | Crear | Villager (Male) |
| 3:45 | Crear | Villager (Male) |
| 3:49 | Construir | House |
| 3:51 | Construir | House |
| 4:00 | Crear | Villager (Male) |
| 4:01 | Crear | Villager (Male) |
| 4:01 | Crear | Villager (Male) |
| 4:31 | Crear | Villager (Male) |
| 4:31 | Crear | Villager (Male) |
| 4:32 | Crear | Villager (Male) |
| 4:56 | Construir | Mill |
| 5:08 | Investigar | Loom |
| 5:08 | Investigar | Loom |
| 5:47 | Investigar | Feudal Age |
| 5:47 | Investigar | Feudal Age |
| 5:47 | Investigar | Feudal Age |
| 7:22 | Construir | Mining Camp |
| 7:32 | Crear | Villager (Male) |
| 8:01 | Edad | Edad Feudal |
| 8:08 | Construir | Blacksmith |
| 8:15 | Construir | Watch Tower |
| 8:20 | Investigar | Town Watch |
| 8:20 | Investigar | Town Watch |
| 8:46 | Construir | House |
| 9:13 | Investigar | Fletching |
| 9:13 | Investigar | Fletching |
| 9:20 | Crear | Villager (Male) |
| 9:28 | Crear | Villager (Male) |
| 9:41 | Construir | House |
| 10:12 | Crear | Villager (Male) |
| 10:12 | Crear | Villager (Male) |
| 10:18 | Construir | Watch Tower |
| 10:44 | Crear | Villager (Male) |
| 10:44 | Crear | Villager (Male) |
| 10:45 | Crear | Villager (Male) |
| 11:23 | Crear | Villager (Male) |
| 11:23 | Crear | Villager (Male) |
| 11:24 | Crear | Villager (Male) |
| 12:06 | Crear | Villager (Male) |
| 12:06 | Crear | Villager (Male) |
| 12:20 | Crear | Villager (Male) |
| 12:20 | Crear | Villager (Male) |
| 12:20 | Crear | Villager (Male) |
| 12:31 | Crear | Villager (Male) |
| 12:31 | Crear | Villager (Male) |
| 12:31 | Crear | Villager (Male) |
| 12:41 | Construir | Farm |
| 13:28 | Crear | Villager (Male) |
| 13:28 | Crear | Villager (Male) |
| 13:28 | Crear | Villager (Male) |
| 13:28 | Crear | Villager (Male) |
| 13:28 | Crear | Villager (Male) |
| 13:28 | Crear | Villager (Male) |
| 13:28 | Crear | Villager (Male) |
| 13:28 | Crear | Villager (Male) |
| 13:28 | Crear | Villager (Male) |
| 13:28 | Crear | Villager (Male) |
| 13:28 | Crear | Villager (Male) |
| 13:28 | Crear | Villager (Male) |
| 13:28 | Crear | Villager (Male) |
| 13:28 | Crear | Villager (Male) |
| 13:34 | Construir | Farm |
| 13:39 | Construir | House |
| 13:44 | Crear | Villager (Male) |
| 13:44 | Crear | Villager (Male) |
| 13:45 | Crear | Villager (Male) |
| 13:59 | Construir | Watch Tower |
| 14:04 | Construir | Farm |
| 14:27 | Crear | Villager (Male) |
| 14:27 | Crear | Villager (Male) |
| 14:27 | Crear | Villager (Male) |
| 14:34 | Construir | Farm |
| 14:42 | Construir | Palisade Wall |
Build order — WitchenCats
65 acciones detectadas en el replay
| 0:01 | Crear | Villager (Male) |
| 0:01 | Crear | Villager (Male) |
| 0:01 | Crear | Villager (Male) |
| 0:02 | Construir | House |
| 0:03 | Construir | House |
| 0:10 | Crear | Villager (Male) |
| 1:29 | Crear | Villager (Male) |
| 1:43 | Construir | Lumber Camp |
| 1:58 | Crear | Villager (Male) |
| 2:19 | Crear | Villager (Male) |
| 2:33 | Crear | Villager (Male) |
| 3:18 | Crear | Villager (Male) |
| 3:20 | Crear | Villager (Male) |
| 3:50 | Construir | House |
| 3:51 | Construir | House |
| 4:04 | Crear | Villager (Male) |
| 4:06 | Crear | Villager (Male) |
| 4:43 | Construir | Mill |
| 4:50 | Crear | Villager (Male) |
| 4:53 | Crear | Villager (Male) |
| 4:58 | Crear | Villager (Male) |
| 5:26 | Crear | Villager (Male) |
| 6:10 | Crear | Villager (Male) |
| 6:20 | Construir | Mining Camp |
| 6:53 | Crear | Villager (Male) |
| 7:05 | Construir | Farm |
| 7:17 | Crear | Villager (Male) |
| 7:29 | Construir | Farm |
| 7:43 | Construir | House |
| 7:53 | Investigar | Feudal Age |
| 8:06 | Investigar | Loom |
| 8:48 | Construir | House |
| 8:55 | Construir | Mining Camp |
| 9:08 | Construir | Palisade Wall |
| 9:21 | Construir | Palisade Wall |
| 9:21 | Crear | Villager (Male) |
| 9:28 | Crear | Villager (Male) |
| 10:06 | Edad | Edad Feudal |
| 10:11 | Construir | Watch Tower |
| 10:22 | Crear | Villager (Male) |
| 10:22 | Crear | Villager (Male) |
| 10:34 | Crear | Villager (Male) |
| 10:36 | Construir | Blacksmith |
| 10:38 | Crear | Villager (Male) |
| 10:52 | Crear | Villager (Male) |
| 11:19 | Construir | Watch Tower |
| 11:25 | Crear | Villager (Male) |
| 11:25 | Crear | Villager (Male) |
| 11:25 | Crear | Villager (Male) |
| 11:29 | Investigar | Fletching |
| 11:50 | Crear | Villager (Male) |
| 12:08 | Crear | Villager (Male) |
| 12:11 | Construir | House |
| 12:17 | Crear | Villager (Male) |
| 12:25 | Crear | Villager (Male) |
| 12:48 | Construir | Market |
| 13:09 | Crear | Villager (Male) |
| 13:24 | Investigar | Double-Bit Axe |
| 13:34 | Construir | Farm |
| 13:35 | Construir | Farm |
| 13:47 | Construir | House |
| 13:51 | Crear | Villager (Male) |
| 14:22 | Crear | Villager (Male) |
| 14:23 | Crear | Villager (Male) |
| 14:44 | Crear | Villager (Male) |
Cronología de la partida
| 8:01 | TRUM · age_up feudal |
| 9:08 | WitchenCats · wall_segment Palisade Wall x8 |
| 9:21 | WitchenCats · wall_segment Palisade Wall x12 |
| 10:06 | WitchenCats · age_up feudal |
| 14:42 | TRUM · wall_segment Palisade Wall x1 |
| 15:04 | WitchenCats · resign |
[ ANÁLISIS IA · 1 CRÉDITO ]
¿Qué pasó realmente en esta partida?
Wolo.gg analiza cada decisión: build order, eco, micro, errores típicos por bracket. Análisis personalizado por WhatsApp o Discord en 30 segundos.
Guía civ
Teutones
Perfil
TRUM